 Dungeon Crawl Stone Soup version 0.23.2-1-ga50397a6bc (webtiles) character file.

Game seed: 11788414529212419661

8969 Revguard the Carver (level 11, -6/84 HPs)
             Began as a Demonspawn Gladiator on Apr 16, 2019.
             Was a Follower of Yredelemnul.
             Mangled by a nine-headed hydra (10 damage)
             ... on level 11 of the Dungeon.
             The game lasted 00:36:52 (9566 turns).

Revguard the Carver (Demonspawn Gladiator)          Turns: 9566, Time: 00:36:54

Health: -6/84      AC:  8    Str: 15    XL:     11   Next: 16%
Magic:  0/16       EV: 17    Int:  9    God:    Yredelemnul [*.....]
Gold:   769        SH:  0    Dex: 18    Spells: 10/10 levels left

rFire    . . .     SeeInvis +   b - +2 long sword (distort)
rCold    . . .     Gourm    .   (no shield)
rNeg     . . .     Faith    .   x - +1 ring mail of the Duke {+Blink +Fly rPois SInv}
rPois    +         Spirit   +   c - +0 helmet
rElec    .         Reflect  .   (no cloak)
rCorr    .         Harm     .   (no gloves)
MR       .....                  (boots unavailable)
Stlth    +.........             (no amulet)
HPRegen  0.24/turn              (no ring)
MPRegen  0.15/turn              (no ring)

@: injury mirror
A: talons 3, mutation resistance 1, powered by pain 3, magic shield, sturdy
frame 2
a: Animate Remains, Renounce Religion, Evoke Blink, Evoke Flight


You were on level 11 of the Dungeon.
You worshipped Yredelemnul.
Yredelemnul was aware of your devotion.
You were near starving.

You visited 2 branches of the dungeon, and saw 12 of its levels.
You also visited: Sewer and Ossuary.

You collected 769 gold pieces.

Inventory:

Hand Weapons
 b - a +2 long sword of distortion (weapon)
Missiles
 d - 4 throwing nets (quivered)
Armour
 c - a +0 helmet (worn)
 g - a +1 troll leather armour {Purgy}
 x - the +1 ring mail of the Duke (worn) {+Blink +Fly rPois SInv}
   (You found it on level 6 of the Dungeon)

   It protects you from poison.
   It lets you see invisible.
   It lets you fly.
   It lets you blink.
Jewellery
 t - an uncursed ring of fire
Wands
 k - a wand of flame (6)
 s - a wand of digging (15)
Scrolls
 e - 6 scrolls of teleportation
 i - 5 scrolls of blinking
 l - 8 scrolls of identify
 r - 8 scrolls of remove curse
Potions
 j - 3 potions of brilliance
 m - 6 potions of resistance
 n - 3 potions of magic
 p - 3 potions of cancellation
 q - 2 potions of curing
 u - a potion of agility
 z - a potion of lignification
 A - 2 potions of flight
Comestibles
 f - 25 rations


   Skills:
 + Level 7.6 Fighting
 + Level 10.8 Long Blades
 - Level 1.7 Throwing
 + Level 4.5 Armour
 + Level 6.5 Dodging
 * Level 7.6 Invocations
 + Level 3.8 Evocations


You had 10 spell levels left.
You didn't know any spells.
Your spell library contained the following spells:

 Spells                   Type           Power        Failure   Level  Hunger
 Beastly Appendage        Tmut           #.....       41%         1    ##.....
 Sticks to Snakes         Tmut           #.......     56%         2    ###....
 Spider Form              Tmut/Pois      #.........   80%         3    ####...
 Ice Form                 Ice/Tmut       #.......     99%         4    #####..
 Blade Hands              Tmut           #.........   100%        5    ######.


Dungeon Overview and Level Annotations

Branches:
Dungeon (11/15)            Temple (1/1) D:6            Lair (0/6) D:10
    Orc (0/2) D:10

Altars:
Ashenzari
Cheibriados
Dithmenos
Elyvilon
Fedhas
Gozag
Hepliaklqana
Kikubaaqudgha
Makhleb
Nemelex Xobeh
Okawaru
Qazlal
Ru
Sif Muna
Trog
Uskayaw
Vehumet
Wu Jian
Xom
Yredelemnul
Zin
The Shining One
Beogh


Innate Abilities, Weirdness & Mutations

You have claws for feet.
You are powered by pain.
When hurt, damage is shared between your health and your magic reserves.
Your movements are less encumbered by armour. (ER -4)
You are somewhat resistant to further mutation.


Message History

The seven-headed hydra grows two more!
You hit the nine-headed hydra.
Space bends around the nine-headed hydra.
You claw the nine-headed hydra.
The nine-headed hydra is heavily wounded.
The nine-headed hydra bites you.
* * * LOW HITPOINT WARNING * * *
The nine-headed hydra bites you!
* * * LOW HITPOINT WARNING * * *
The nine-headed hydra completely misses you.
The nine-headed hydra closely misses you.
The nine-headed hydra bites you.
* * * LOW HITPOINT WARNING * * *
The nine-headed hydra bites you.
* * * LOW HITPOINT WARNING * * *
The nine-headed hydra bites you.
* * * LOW HITPOINT WARNING * * *
The nine-headed hydra completely misses you.
The nine-headed hydra bites you!
You die...
Your body rises from the dead as a mindless zombie.

### ...
.######.##...
.........#..#
......D..#..#
#.@.#..####
#...#.....
.#.##...#...#
........#...#
....#.#.<...#
.####........#
............#
##....#..##.#
#.##.#... #


You could see a nine-headed hydra.

Vanquished Creatures
  Josephine (D:10)
  2 two-headed ogres
  The ghost of BorisKarlOrff the Martial Artist, a novice MfMo of Wu Jian (D:7)
  Pikel (D:4)
  Prince Ribbit (D:5)
  Sigmund (D:5)
  2 yaks (D:7)
  4 wraiths (D:10)
  2 hogs (D:7)
  A hungry ghost (D:9)
  A human (D:7)
  Menkaure (D:5)
  Purgy (Sewer)
  An ice beast (D:8)
  2 black bears
  2 orc warriors
  A phantom (D:7)
  3 ogres
  A necrophage (D:9)
  A sky beast (D:9)
  2 centaurs
  An elf zombie (Ossuary)
  3 bullfrogs
  A water moccasin zombie (D:9)
  3 scorpions
  4 jellies
  4 killer bees (D:9)
  4 howler monkeys
  5 crimson imps
  A bullfrog zombie (D:5)
  5 hounds
  A human zombie (Ossuary)
  5 orc priests
  8 orc wizards
  A bullfrog skeleton (D:3)
  Ijyb (D:5)
  6 iguanas
  4 worker ants
  A big kobold zombie (Ossuary)
  4 hound zombies
  A hound skeleton (D:8)
  4 mummies (Ossuary)
  A river rat (D:3)
  13 adders
  2 shadow imps
  3 adder zombies
  4 worms
  A dart slug (D:2)
  5 leopard geckos
  35 orcs
  4 giant cockroaches
  A gnoll zombie (Ossuary)
  4 goblins
  3 hobgoblins
  10 jackals
  8 quokkas
  2 ball pythons (D:3)
  8 bats
  11 frilled lizards
  A hobgoblin zombie (Ossuary)
  14 kobolds
  A kobold zombie (Ossuary)
  2 leopard gecko skeletons (D:5)
  14 rats
  2 rat zombies (Ossuary)
248 creatures vanquished.

Vanquished Creatures (collateral kills)
  An ogre (D:9)
  A necrophage (D:10)
  A crimson imp (D:10)
  An iguana (D:9)
  An orc (D:9)
  A jackal (D:9)
6 creatures vanquished.

Vanquished Creatures (others)
  A hippogriff (D:8)
  A wraith (D:10)
  A slave (D:4)
  A scorpion (D:4)
  2 orc wizards (D:4)
  2 bullfrog skeletons
  2 killer bee zombies (D:9)
  An ogre zombie (D:9)
  A hound skeleton (D:10)
  A howler monkey skeleton (D:8)
  7 orc zombies
  2 orcs (D:4)
  A quokka (D:4)
  A quokka zombie (D:10)
24 creatures vanquished.

Grand Total: 278 creatures vanquished

Notes
Turn   | Place    | Note
-------+----------+-------------------------------------------
     0 | D:1      | Revguard the Demonspawn Gladiator began the quest for the
                  | Orb.
     0 | D:1      | Reached XP level 1. HP: 16/16 MP: 1/1
   204 | D:1      | Reached skill level 3 in Long Blades
   204 | D:1      | Gained mutation: You sometimes gain a little power by
                  | taking damage. [demonic ancestry]
   204 | D:1      | Reached XP level 2. HP: 22/22 MP: 2/2
   705 | D:2      | Reached XP level 3. HP: 18/27 MP: 3/3
  1031 | D:2      | Gained mutation: You sometimes gain power by taking damage.
                  | [demonic ancestry]
  1031 | D:2      | Reached XP level 4. HP: 30/34 MP: 4/4
  1043 | D:2      | Reached skill level 1 in Armour
  1712 | D:2      | Found a glowing silver altar of Zin.
  1832 | D:3      | Gained mutation: You have large cloven feet. [potion of
                  | mutation]
  1832 | D:3      | Gained mutation: You are somewhat resistant to further
                  | mutation. [potion of mutation]
  1851 | D:3      | Reached skill level 4 in Long Blades
  1851 | D:3      | Gained mutation: You are powered by pain. [demonic
                  | ancestry]
  1851 | D:3      | Reached XP level 5. HP: 27/39 MP: 5/5
  1903 | D:3      | Found a glowing drain.
  1978 | Sewer    | Entered a sewer
  2259 | Sewer    | Noticed Purgy
  2279 | Sewer    | Killed Purgy
  2314 | Sewer    | Lost mutation: You have large cloven feet. [potion of
                  | mutation]
  2491 | D:3      | Gained mutation: You have sharp toenails. [demonic
                  | ancestry]
  2491 | D:3      | Reached XP level 6. HP: 42/47 MP: 6/6
  3251 | D:4      | Reached skill level 5 in Long Blades
  3323 | D:4      | Gained mutation: You have razor-sharp toenails. [demonic
                  | ancestry]
  3323 | D:4      | Reached XP level 7. HP: 40/52 MP: 7/7
  3456 | D:4      | Noticed Pikel
  3485 | D:4      | Killed Pikel
  3485 | D:4      | Reached skill level 6 in Long Blades
  3578 | D:4      | Gained mutation: Your movements are slightly less
                  | encumbered by armour. (ER -2) [demonic ancestry]
  3578 | D:4      | Reached XP level 8. HP: 56/61 MP: 8/8
  4006 | D:5      | Entered Level 5 of the Dungeon
  4119 | D:5      | Noticed Ijyb
  4129 | D:5      | Killed Ijyb
  4129 | D:5      | Reached skill level 1 in Evocations
  4132 | D:5      | Noticed Menkaure
  4137 | D:5      | Killed Menkaure
  4137 | D:5      | Reached skill level 7 in Long Blades
  4263 | D:5      | Noticed Prince Ribbit
  4275 | D:5      | Killed Prince Ribbit
  4275 | D:5      | Reached skill level 5 in Fighting
  4381 | D:5      | Identified the +3 robe of the Marlin {Int+3 Stlth+}
  4441 | D:5      | Found a burning altar of Makhleb.
  4530 | D:5      | Found a blossoming altar of Fedhas.
  4746 | D:5      | Noticed Sigmund
  4783 | D:5      | Killed Sigmund
  4828 | D:5      | Reached skill level 8 in Long Blades
  4955 | D:6      | Found a shimmering altar of Xom.
  4966 | D:6      | Found a hide-covered altar of Uskayaw.
  4966 | D:6      | Found a shattered altar of Ashenzari.
  5005 | D:6      | Found an ornate altar of the Wu Jian Council.
  5026 | D:6      | Found a staircase to the Ecumenical Temple.
  5119 | D:6      | Gained mutation: You have claws for feet. [demonic
                  | ancestry]
  5119 | D:6      | Reached XP level 9. HP: 39/68 MP: 11/11
  5122 | D:6      | Found a sand-covered staircase.
  5140 | Ossuary  | Entered an ossuary
  5185 | Ossuary  | Reached skill level 5 in Dodging
  5641 | D:6      | Found a deep blue altar of Sif Muna.
  5941 | D:6      | Found a hazy altar of Hepliaklqana.
  5945 | D:6      | Got a polished ring mail
  5947 | D:6      | Identified the +1 ring mail of the Duke {+Blink +Fly rPois
                  | SInv} (You found it on level 6 of the Dungeon)
  6251 | Temple   | Entered the Ecumenical Temple
  6263 | Temple   | Became a worshipper of Yredelemnul the Dark
  6346 | D:7      | Reached skill level 1 in Invocations
  6444 | D:7      | Found an opulent altar of Gozag.
  6571 | D:7      | Found a runed translucent door.
  6572 | D:7      | Noticed BorisKarlOrff's ghost (novice MfMo)
  6597 | D:7      | Killed BorisKarlOrff's ghost
  6597 | D:7      | Reached skill level 9 in Long Blades
  6899 | D:7      | Gained mutation: When hurt, damage is shared between your
                  | health and your magic reserves. [demonic ancestry]
  6899 | D:7      | Reached XP level 10. HP: 63/77 MP: 12/12
  7342 | D:8      | Noticed a two-headed ogre
  7357 | D:8      | Killed a two-headed ogre
  7706 | D:8      | Reached skill level 5 in Invocations
  7708 | D:8      | Reached skill level 10 in Long Blades
  7710 | D:8      | Reached * piety under Yredelemnul
  7875 | D:8      | Found a roughly hewn altar of Beogh.
  8332 | D:9      | Found a shimmering altar of Xom.
  8454 | D:9      | Found an ancient bone altar of Kikubaaqudgha.
  8749 | D:9      | Found a sparkling altar of Nemelex Xobeh.
  8773 | D:9      | Reached ** piety under Yredelemnul
  8933 | D:10     | Entered Level 10 of the Dungeon
  8933 | D:10     | Noticed Josephine
  8952 | D:10     | Killed Josephine
  8968 | D:10     | Gained mutation: Your movements are less encumbered by
                  | armour. (ER -4) [demonic ancestry]
  8968 | D:10     | Reached XP level 11. HP: 28/84 MP: 7/16
  9208 | D:10     | Found a bloodstained altar of Trog.
  9302 | D:10     | Noticed a two-headed ogre
  9315 | D:10     | Killed a two-headed ogre
  9488 | D:10     | Found a staircase to the Orcish Mines.
  9545 | D:10     | Found a staircase to the Lair.
  9554 | D:11     | Noticed a four-headed hydra
  9566 | D:11     | HP: 4/84 [nine-headed hydra (4)]
  9566 | D:11     | Mangled by a nine-headed hydra

Skill      XL: |  1  2  3  4  5  6  7  8  9 10 |
---------------+-------------------------------+-----
Long Blades    | 3 4 5 6 8 9 10 | 10.8
Dodging        | 3 4 5 6 |  6.5
Armour         | 1 2 3 4 |  4.5
Fighting       | 3 4 5 6 7 |  7.6
Evocations     | 3 |  3.8
Invocations    | 3 7 |  7.6
Throwing       | |  1.7

Action                   |  1- 3 |  4- 6 |  7- 9 | 10-12 || total
-------------------------+-------+-------+-------+-------++-------
Melee: Long sword        |    71 |   225 |   229 |   147 ||   672
       Kick              |       |    52 |   116 |    88 ||   256
       Scimitar          |       |       |    67 |    80 ||   147
Invok: Animate Remains   |       |       |       |    21 ||    21
       Injury Mirror     |       |       |       |     1 ||     1
Evoke: Wand              |       |       |     5 |     3 ||     8
  Use: Potion            |     2 |     7 |     8 |     3 ||    20
       Scroll            |     1 |     4 |     7 |     5 ||    17
 Stab: Invisible         |       |     3 |       |     4 ||     7
       Sleeping          |       |       |       |     1 ||     1
  Eat: Chunk             |       |     8 |     8 |    14 ||    30
       Ration            |       |       |     1 |       ||     1
Armor: Leather armour    |    21 |       |       |       ||    21
       Ring mail         |     9 |    59 |    12 |    49 ||   129
       Troll leather arm |       |    19 |    40 |       ||    59
       Skin              |       |       |   131 |       ||   131
Dodge: Dodged            |    56 |   231 |   194 |   188 ||   669
       Rpst.: Long sword |    24 |    69 |    48 |    31 ||   172
       Scimitar          |       |       |    13 |    21 ||    34
